 Dungeon Sprint DCSS version 0.18.1-47-g9310371 (webtiles) character file.

30431 rftp080 the Tortoise (level 13, -1/130 HPs)
             Began as a Deep Dwarf Gladiator on June 20, 2016.
             Was the Champion of Makhleb.
             Slain by a spark wasp (12 damage)
             ... in the Dungeon (Sprint IX: "|||||||||||||||||||||||||||||").
             The game lasted 00:17:00 (1725 turns).

rftp080 the Tortoise (Deep Dwarf Gladiator)         Turns: 1725, Time: 00:17:01

Health: -1/130     AC: 28    Str: 21    XL:     13   Next: 20%
Magic:  2/19       EV: 20    Int: 11    God:    Makhleb [******]
Gold:   384        SH:  0    Dex: 17    Spells: 0 memorised, 12 levels left

rFire  + + .     SeeInvis .     R - +1 double sword
rCold  . . .     Gourm    .     U - +6 fire dragon armour
rNeg   . . .     Faith    .     (no shield)
rPois  .         Spirit   .     V - +1 helmet
rElec  .         Dismiss  .     K - +0 cloak
rCorr  .         Reflect  .     (no gloves)
SustAt .         Harm     .     T - +1 pair of boots {Stlth+}
MR     +....     NoTele   +     y - amulet of rage
Stlth  +.........               x - +3 ring of strength
                                N - ring of protection from cold

@: very slightly contaminated, non-regenerating, somewhat resistant to hostile
enchantments, very unstealthy
A: damage resistance, recharge devices, sense surroundings 2, slow regeneration
3
a: Device Recharging, Minor Destruction, Lesser Servant of Makhleb, Major
Destruction, Greater Servant of Makhleb, Renounce Religion, Evoke Berserk Rage


You were in the Dungeon.
You worshipped Makhleb.
Makhleb was exalted by your worship.
You were hungry.

You visited 1 branch You collected 1921 gold pieces.
You spent 1537 gold pieces at shops.

Inventory:

Hand Weapons
 a - a +0 long sword
 r - a +2 morningstar of crushing
 s - a +4 quarterstaff of speed
 t - a +2 scimitar of holy wrath
 F - a +0 great sword
 P - the +9 long sword "Itwu" {freeze, +Fly rPois}
   (You found it in the Dungeon)

   It has been specially enchanted to freeze those struck by it, causing extra
   injury to most foes and up to half again as much damage against particularly
   susceptible opponents.
   It can also slow down cold-blooded creatures.
   It protects you from poison.
   It lets you fly.
 Q - a +1 long sword of holy wrath
 R - a +1 double sword (weapon)
Missiles
 d - 3 throwing nets (quivered)
Armour
 b - a +0 leather armour
 c - a +0 helmet
 u - a +0 pair of boots
 v - a +1 scale mail
 G - a +0 plate armour
 K - a +0 cloak (worn)
 S - a +1 cloak
 T - a +1 pair of boots of stealth (worn)
 U - a +6 fire dragon armour (worn)
 V - a +1 helmet (worn)
Magical Staves
 q - an uncursed staff of energy
Jewellery
 w - a +3 ring of intelligence
 x - a +3 ring of strength (right hand)
 y - an amulet of rage (around neck)
 J - an uncursed amulet of guardian spirit
 M - an uncursed ring of protection from fire
 N - a ring of protection from cold (left hand)
 O - an uncursed ring of ice
Wands
 e - a wand of heal wounds (3/9)
 h - a wand of polymorph (7/24)
 p - a wand of lightning (0/15)
Scrolls
 n - 3 scrolls of remove curse
 o - 2 scrolls of amnesia
 z - 4 scrolls of fog
 A - 2 scrolls of enchant weapon
 B - 3 scrolls of recharging
 X - a scroll of identify
Potions
 g - 7 potions of curing
 i - a potion of cure mutation
 j - 4 potions of magic
 k - a potion of cancellation
 m - a potion of might
Miscellaneous
 I - a fan of gales
 L - a phial of floods
Comestibles
 f - 13 bread rations
 C - a slice of pizza
 D - 40 fruits
 E - 12 meat rations
 H - 10 chunks of flesh


   Skills:
 + Level 12.9 Fighting
 * Level 18.7 Long Blades
 - Level 2.3 Throwing
 * Level 19.4 Armour
 + Level 15.4 Dodging
 + Level 14.6 Evocations


You had 12 spell levels left.
You didn't know any spells.

Dungeon Overview and Level Annotations

Branches:
Dungeon (1/1)

Altars:
Cheibriados
Dithmenos
Elyvilon
Fedhas
Gozag
Kikubaaqudgha
Makhleb
Nemelex Xobeh
Okawaru
Pakellas
Qazlal
Ru
Sif Muna
Trog
Vehumet
Xom
Yredelemnul
Zin
The Shining One
Beogh
Jiyva
Lugonu

Shops:
D *(?*


Innate Abilities, Weirdness & Mutations

You are resistant to damage.
You can recharge devices by infusing magical energy.
You passively map the area around you.
You do not regenerate naturally.


Message History

The wolf spider closely misses you. The spark wasp completely misses you.
The wolf spider misses you. The wolf spider bites you.
You hit the wolf spider.
The wolf spider is lightly wounded.
The spark wasp stings you.
* * * LOW HITPOINT WARNING * * *
The spark wasp shocks you!
* * * LOW HITPOINT WARNING * * *
The wolf spider hits you.
* * * LOW HITPOINT WARNING * * *
The wolf spider bites you but does no damage.
You hit the wolf spider.
The wolf spider is lightly wounded.
The spark wasp stings you but does no damage.
The wolf spider completely misses you. The wolf spider barely misses you.
Unknown command.
You hit the spark wasp but do no damage.
The spark wasp is heavily wounded.
The spark wasp stings you!
You die...

,, , , , ,, , ,,,, * * ** * * * *
, ,,, , , , , , , , * * * , ,,,
,, ,,,+ ,, ,, , * * ** * * ** * *
,, , ,,, , ,,,, ,
▓▓▓▓▓▓▓▓▓▓▓▓▓▓▓▓▓▓▓▓▓▓▓▓▓▓▓▓▓▓▓
.............'[y@s.....††s.....
▓▓▓▓▓▓▓▓▓▓▓▓▓▓▓▓▓▓▓▓▓▓▓▓▓▓▓▓▓▓▓▓▓
.................................
▓▓▓▓▓▓▓▓▓▓▓▓▓▓▓▓▓▓▓▓▓▓▓▓▓▓▓▓▓▓▓▓▓
.......'=....).))..))..[[.[..[...
▓▓▓▓▓▓▓▓▓▓▓▓▓▓▓▓▓▓▓▓▓▓▓▓▓▓▓▓▓▓▓▓▓
............................)....
▓▓▓▓▓▓▓▓▓▓▓▓▓▓▓▓▓▓▓▓▓▓▓▓▓▓▓▓▓▓▓▓▓
...........))))))))))..))))))))..


You could see a spark wasp and a wolf spider.

Vanquished Creatures
  Saint Roka (D)
  A sphinx (D)
  A greater naga (D)
  A ghost moth (D)
  A salamander stormcaller (D)
  An ettin (D)
  A fire dragon (D)
  Josephine (D)
  An ice dragon (D)
  A rakshasa (D)
  A vampire mage (D)
  A death yak (D)
  2 shock serpents (D)
  A naga ritualist (D)
  2 orc knights (D)
  A hill giant (D)
  A manticore (D)
  7 orc sorcerers (D)
  A wolf spider (D)
  A deep elf mage (D)
  A naga mage (D)
  Maurice (D)
  3 black mambas (D)
  4 spiny frogs (D)
  A yaktaur (D)
  4 demonic crawlers (D)
  A komodo dragon (D)
  A troll (D)
  2 giant leeches (D)
  A blink frog (D)
  A vampire (D)
  A wyvern (D)
  5 wraiths (D)
  A basilisk (D)
  A steam dragon (D)
  3 hippogriffs (D)
  2 vampire mosquitoes (D)
  A warg (D)
  A naga (D)
  2 water moccasins (D)
  4 porcupines (D)
  13 orc warriors (D)
  A sky beast (D)
  A centaur (D)
  2 crocodiles (D)
  4 giant frogs (D)
  A crimson imp (D)
  12 orc wizards (D)
  3 orc priests (D)
  2 worker ants (D)
  A shadow imp (D)
  A dart slug (D)
  A giant gecko (D)
  9 orcs (D)
  A giant cockroach (D)
  A goblin (D)
  A bat (D)
  A giant gecko skeleton (D)
  A giant newt (D)
  A kobold (D)
126 creatures vanquished.

Vanquished Creatures (collateral kills)
  A shock serpent (D)
  A black mamba (D)
2 creatures vanquished.

Vanquished Creatures (others)
  A spatial maelstrom (D)
  An orc wizard (D)
2 creatures vanquished.

Grand Total: 130 creatures vanquished

Notes
Turn   | Place    | Note
--------------------------------------------------------------
     0 | D        | rftp080 the Deep Dwarf Gladiator began the quest for the Orb.
     0 | D        | Reached XP level 1. HP: 19/19 MP: 1/1
     3 | D        | Banished a spatial maelstrom
    26 | D        | Noticed an orc wizard
    26 | D        | Noticed a worker ant
    30 | D        | Reached XP level 2. HP: 26/26 MP: 2/2
    32 | D        | Reached skill level 5 in Long Blades
    32 | D        | Reached skill level 5 in Dodging
    32 | D        | Reached XP level 3. HP: 33/33 MP: 3/3
    54 | D        | Found a glowing silver altar of Zin.
    54 | D        | Found a glowing golden altar of the Shining One.
    54 | D        | Found an ancient bone altar of Kikubaaqudgha.
    54 | D        | Found a basalt altar of Yredelemnul.
    54 | D        | Found a shimmering altar of Xom.
    54 | D        | Found a radiant altar of Vehumet.
    55 | D        | Found an iron altar of Okawaru.
    56 | D        | Found a burning altar of Makhleb.
    57 | D        | Found a deep blue altar of Sif Muna.
    58 | D        | Found a bloodstained altar of Trog.
    59 | D        | Found a sparkling altar of Nemelex Xobeh.
    60 | D        | Found a white marble altar of Elyvilon.
    61 | D        | Found a roughly hewn altar of Beogh.
    62 | D        | Found a viscous altar of Jiyva.
    63 | D        | Found a corrupted altar of Lugonu.
    64 | D        | Became a worshipper of Makhleb the Destroyer
    65 | D        | Found a blossoming altar of Fedhas.
    66 | D        | Found a snail-covered altar of Cheibriados.
    67 | D        | Found a shadowy altar of Dithmenos.
    68 | D        | Found a stormy altar of Qazlal.
    69 | D        | Found an opulent altar of Gozag.
    70 | D        | Found a sacrificial altar of Ru.
    71 | D        | Found an oddly glowing altar of Pakellas.
   119 | D        | Noticed a steam dragon
   119 | D        | Noticed a wraith
   119 | D        | Noticed a sky beast
   122 | D        | Reached XP level 4. HP: 32/42 MP: 4/4
   131 | D        | Killed a steam dragon
   131 | D        | Reached skill level 5 in Armour
   131 | D        | Reached XP level 5. HP: 19/51 MP: 5/5
   139 | D        | Killed a wraith
   139 | D        | Reached * piety under Makhleb
   139 | D        | Reached skill level 5 in Fighting
   139 | D        | Reached skill level 6 in Armour
   139 | D        | Reached XP level 6. HP: 19/61 MP: 6/6
   144 | D        | Reached skill level 7 in Armour
   153 | D        | Killed a sky beast
   160 | D        | Reached ** piety under Makhleb
   160 | D        | Reached skill level 8 in Armour
   176 | D        | Noticed a deep elf mage
   176 | D        | Noticed a manticore
   176 | D        | Noticed a vampire
   176 | D        | Noticed a hippogriff
   178 | D        | Noticed a tarantella
   201 | D        | Killed a deep elf mage
   201 | D        | Reached skill level 10 in Long Blades
   201 | D        | Reached skill level 9 in Armour
   201 | D        | Reached XP level 7. HP: 42/70 MP: 7/7
   208 | D        | Reached *** piety under Makhleb
   211 | D        | Killed a manticore
   211 | D        | Reached skill level 10 in Armour
   211 | D        | Reached XP level 8. HP: 49/80 MP: 8/8
   226 | D        | Reached **** piety under Makhleb
   226 | D        | Reached skill level 11 in Armour
   341 | D        | Noticed a komodo dragon
   341 | D        | Noticed a spiny frog
   341 | D        | Noticed a spiny frog
   349 | D        | Killed a komodo dragon
   349 | D        | Reached skill level 10 in Dodging
   363 | D        | Gained mutation: You passively map the area around you. [Deep Dwarf growth]
   363 | D        | Reached XP level 9. HP: 36/88 MP: 9/11
   367 | D        | Reached ***** piety under Makhleb
   373 | D        | Killed a spiny frog
   373 | D        | Reached skill level 12 in Armour
   378 | D        | Killed a spiny frog
   383 | D        | Reached skill level 5 in Evocations
   398 | D        | Noticed a black mamba
   398 | D        | Noticed a black mamba
   398 | D        | Noticed a spiny frog
   404 | D        | Killed a black mamba
   416 | D        | Killed a black mamba
   416 | D        | Reached skill level 13 in Armour
   418 | D        | Reached ****** piety under Makhleb
   420 | D        | Noticed a death yak
   420 | D        | Reached XP level 10. HP: 43/98 MP: 14/14
   426 | D        | Killed a spiny frog
   440 | D        | Killed a death yak
   453 | D        | Noticed a spiny frog
   456 | D        | Reached skill level 14 in Armour
   486 | D        | Killed a spiny frog
   560 | D        | Noticed Josephine
   583 | D        | Killed Josephine
   583 | D        | Reached skill level 10 in Fighting
   597 | D        | Reached skill level 15 in Armour
   666 | D        | Noticed an orc knight
   687 | D        | Reached XP level 11. HP: 38/108 MP: 17/17
   698 | D        | Killed an orc knight
   706 | D        | Reached skill level 15 in Long Blades
   751 | D        | Noticed an orc knight
   751 | D        | Noticed an orc sorcerer
   777 | D        | Killed an orc knight
   791 | D        | Killed an orc sorcerer
   791 | D        | Reached skill level 10 in Evocations
   861 | D        | Found Hucy's General Store.
   861 | D        | Noticed an orc sorcerer
   861 | D        | Noticed an orc sorcerer
   861 | D        | Noticed an orc sorcerer
   861 | D        | Noticed an orc sorcerer
   861 | D        | Paralysed by an orc sorcerer for 7 turns
   863 | D        | Noticed an orc sorcerer
   890 | D        | Killed an orc sorcerer
   900 | D        | Killed an orc sorcerer
   900 | D        | Reached skill level 16 in Armour
   902 | D        | Killed an orc sorcerer
   905 | D        | Killed an orc sorcerer
   923 | D        | Killed an orc sorcerer
   951 | D        | Found Vebossyg's Antique Weapon Shoppe.
   953 | D        | Found Iruhosed's Magic Scroll Emporium.
   953 | D        | Noticed an orc sorcerer
   965 | D        | Killed an orc sorcerer
   973 | D        | Found Roove's General Store.
  1022 | D        | Bought 3 scrolls of enchant armour for 225 gold pieces
  1022 | D        | Bought a fan of gales for 400 gold pieces
  1022 | D        | Bought an uncursed amulet of guardian spirit for 300 gold pieces
  1028 | D        | Bought a cursed +0 cloak for 18 gold pieces
  1028 | D        | Bought a phial of floods for 480 gold pieces
  1028 | D        | Bought a scroll of recharging for 114 gold pieces
  1097 | D        | Noticed Maurice
  1109 | D        | Killed Maurice
  1163 | D        | Got the +9 long sword "Itwu" {freeze, +Fly rPois}
  1243 | D        | Noticed a hill giant
  1243 | D        | Noticed a salamander stormcaller
  1248 | D        | Killed a hill giant
  1257 | D        | Noticed a vampire mage
  1278 | D        | Noticed a fire dragon
  1280 | D        | Killed a salamander stormcaller
  1296 | D        | Noticed a rakshasa
  1302 | D        | Killed a vampire mage
  1302 | D        | Reached skill level 17 in Armour
  1332 | D        | Killed a rakshasa
  1332 | D        | Reached XP level 12. HP: 72/120 MP: 9/19
  1353 | D        | Killed a fire dragon
  1365 | D        | Noticed an ice dragon
  1366 | D        | Noticed an ettin
  1367 | D        | Noticed a sphinx
  1382 | D        | Killed an ice dragon
  1388 | D        | Killed an ettin
  1392 | D        | Paralysed by a sphinx for 4 turns
  1405 | D        | Killed a sphinx
  1435 | D        | Noticed Saint Roka
  1472 | D        | Killed Saint Roka
  1472 | D        | Reached skill level 18 in Armour
  1571 | D        | Noticed a greater naga
  1583 | D        | Killed a greater naga
  1589 | D        | Reached skill level 15 in Dodging
  1616 | D        | Reached skill level 19 in Armour
  1616 | D        | Reached XP level 13. HP: 67/130 MP: 21/21
  1649 | D        | Noticed a spark wasp
  1697 | D        | Killed a ghost moth
  1709 | D        | HP: 6/130 [spark wasp (16)]
  1712 | D        | HP: 2/130 [spark wasp (11)]
  1725 | D        | Slain by a spark wasp

Skill      XL: |  1  2  3  4  5  6  7  8  9 10 11 12 |
---------------+-------------------------------------+-----
Throwing       | 2 |  2.3
Dodging        | 4 5 6 7 9 10 11 12 13 15 | 15.4
Fighting       | 2 3 4 5 6 7 8 10 11 12 | 12.9
Long Blades    | 4 5 6 7 8 10 11 12 13 14 16 18 | 18.7
Armour         | 5 6 9 10 11 13 15 17 19 | 19.4
Evocations     | 3 6 9 12 14 | 14.6

Action                   |  1- 3 |  4- 6 |  7- 9 | 10-12 | 13-15 || total
-------------------------+-------+-------+-------+-------+-------++-------
Melee: Long sword        |    34 |       |       |       |       ||    34
       Scimitar          |     2 |    56 |    83 |   203 |       ||   344
       Great sword       |       |       |       |   101 |       ||   101
       Double sword      |       |       |       |   191 |    88 ||   279
 Abil: Device Recharging |       |       |       |     2 |     2 ||     4
       Evoke Berserk Rag |       |       |       |     1 |       ||     1
Evoke: Wand              |       |     2 |     3 |    16 |     6 ||    27
       Fan of gales      |       |       |       |     1 |       ||     1
       Phial of floods   |       |       |       |     1 |       ||     1
  Use: Potion            |     2 |     2 |     2 |    11 |     1 ||    18
       Scroll            |       |       |       |     7 |     1 ||     8
 Stab: Invisible         |     2 |     4 |       |       |       ||     6
  Eat: Chunk             |       |       |       |     5 |       ||     5
Armor: Leather armour    |    10 |       |       |       |       ||    10
       Scale mail        |       |    22 |    21 |    22 |       ||    65
       Plate armour      |       |       |       |    42 |       ||    42
       Fire dragon armou |       |       |       |    87 |    67 ||   154
Dodge: Dodged            |    16 |    36 |    46 |   265 |    98 ||   461
